[ AOE2 MATCH · #472226665 ]
UnrankedTatars vs Khmer
[ REPLAY ANALYSIS · EXTRACTED FROM THE RECORDED GAME ]
Feudal
14:34
Castle
21:05
Imperial
—
| APM avg | 29.7 |
| APM peak | 52 |
| eAPM avg | 15.0 |
| Villagers / military | 137 / 118 |
Focus
⚔️ 29.0% · 🌾 71.0%
Cavalry Archer ×112 · Scout Cavalry ×6
Feudal
13:43
Castle
16:50
Imperial
—
| APM avg | 36.2 |
| APM peak | 73 |
| eAPM avg | 21.6 |
| Villagers / military | 240 / 27 |
Focus
⚔️ 23.3% · 🌾 76.7%
Knight ×27
Feudal
13:54
Castle
18:57
Imperial
40:27
| APM avg | 39.9 |
| APM peak | 65 |
| eAPM avg | 20.8 |
| Villagers / military | 118 / 64 |
Focus
⚔️ 24.1% · 🌾 75.9%
Knight ×56 · Battering Ram ×4 · Mangonel ×2 · Monk ×1 · Scorpion ×1
Feudal
15:36
Castle
21:37
Imperial
—
| APM avg | 33.1 |
| APM peak | 63 |
| eAPM avg | 17.1 |
| Villagers / military | 100 / 51 |
Focus
⚔️ 12.0% · 🌾 88.0%
Archer ×26 · Shotel Warrior ×21 · Knight ×4
Feudal
14:59
Castle
19:03
Imperial
—
| APM avg | 22.1 |
| APM peak | 49 |
| eAPM avg | 10.2 |
| Villagers / military | 66 / 12 |
Focus
⚔️ 17.9% · 🌾 82.1%
Unknown (1911) ×10 · Skirmisher ×9 · Iron Pagoda ×2 · Fire Lancer ×1
Feudal
15:45
Castle
20:36
Imperial
36:34
| APM avg | 28.0 |
| APM peak | 69 |
| eAPM avg | 11.8 |
| Villagers / military | 87 / 41 |
Focus
⚔️ 21.3% · 🌾 78.7%
Ratha (Ranged) ×31 · Armored Elephant ×7 · Monk ×2 · Trebuchet (Packed) ×1
Feudal
15:03
Castle
19:02
Imperial
35:40
| APM avg | 24.7 |
| APM peak | 52 |
| eAPM avg | 16.8 |
| Villagers / military | 121 / 116 |
Focus
⚔️ 22.2% · 🌾 77.8%
Spearman ×112 · Trebuchet (Packed) ×3 · Monk ×1
Feudal
18:55
Castle
23:35
Imperial
42:11
| APM avg | 18.7 |
| APM peak | 34 |
| eAPM avg | 13.3 |
| Villagers / military | 137 / 28 |
Focus
⚔️ 22.7% · 🌾 77.3%
Spearman ×12 · Militia ×5 · Monk ×4 · Battering Ram ×3 · Trebuchet (Packed) ×3 · Mangonel ×1
Match map
Initial resources + every placement click. Lines = walls · curves = elevation contours. ◆ gold · ⬟ stone · ● berries · ✦ relic · ◌ wall gap
Your base· Open — unwalled flank
Bet0's base· Open — 14t gap
TabrisLi's base· Open — unwalled flank
1688allen's base· Open — unwalled flank
Tamy Chan's base· Open — unwalled flank
[CL]Jigsaw's base· Open — unwalled flank
468449885's base· Open — unwalled flank
Returned_Legend's base· Open — 7t gap
Smoothed initial terrain · ◌ = detected wall gap · hover for details
Inputs per minute
— Fia Sare - - Bet0
Build order — Fia Sare
First 150 of 361 actions detected
| 0:31 | Build | Town Center |
| 0:53 | Build | House |
| 2:31 | Create | Villager (Male) ×4 |
| 3:37 | Build | House |
| 3:48 | Create | Villager (Male) |
| 3:48 | Create | Villager (Male) |
| 4:17 | Create | Villager (Male) |
| 4:49 | Create | Villager (Male) |
| 4:50 | Create | Villager (Male) |
| 5:26 | Create | Villager (Male) |
| 5:26 | Create | Villager (Male) |
| 5:52 | Create | Villager (Male) |
| 5:53 | Create | Villager (Male) |
| 6:01 | Build | House |
| 6:12 | Create | Villager (Male) |
| 6:12 | Create | Villager (Male) |
| 6:41 | Build | Lumber Camp |
| 6:50 | Create | Villager (Male) |
| 6:50 | Create | Villager (Male) |
| 7:08 | Create | Villager (Male) |
| 7:09 | Create | Villager (Male) |
| 7:35 | Create | Villager (Male) |
| 7:35 | Create | Villager (Male) |
| 8:00 | Build | House |
| 8:06 | Create | Villager (Male) |
| 8:06 | Create | Villager (Male) |
| 8:06 | Create | Villager (Male) |
| 8:35 | Build | Mill |
| 8:43 | Create | Villager (Male) |
| 8:48 | Build | House |
| 8:53 | Create | Villager (Male) |
| 8:53 | Create | Villager (Male) |
| 8:53 | Create | Villager (Male) |
| 9:18 | Create | Villager (Male) |
| 9:18 | Create | Villager (Male) |
| 10:00 | Create | Villager (Male) |
| 10:00 | Create | Villager (Male) |
| 11:00 | Create | Villager (Male) |
| 11:00 | Create | Villager (Male) |
| 11:00 | Create | Villager (Male) |
| 11:01 | Create | Villager (Male) |
| 11:01 | Create | Villager (Male) |
| 11:04 | Create | Villager (Male) |
| 11:10 | Research | Loom |
| 12:00 | Build | Mill |
| 12:24 | Research | Feudal Age |
| 12:25 | Research | Feudal Age |
| 12:46 | Build | Barracks |
| 14:34 | Age | Feudal Age |
| 14:38 | Create | Villager (Male) |
| 14:38 | Create | Villager (Male) |
| 14:50 | Build | Mining Camp |
| 14:58 | Create | Villager (Male) |
| 15:08 | Build | Stable |
| 15:16 | Create | Villager (Male) |
| 15:22 | Build | House |
| 15:41 | Create | Villager (Male) |
| 15:59 | Create | Scout Cavalry |
| 15:59 | Create | Scout Cavalry |
| 16:10 | Create | Villager (Male) |
| 16:17 | Build | House |
| 16:42 | Create | Scout Cavalry |
| 17:27 | Build | Blacksmith |
| 17:43 | Build | Mill |
| 17:51 | Create | Villager (Male) |
| 17:57 | Create | Villager (Male) |
| 18:09 | Create | Scout Cavalry |
| 18:09 | Create | Scout Cavalry |
| 18:25 | Research | Castle Age |
| 18:25 | Research | Castle Age |
| 18:29 | Create | Scout Cavalry |
| 18:37 | Research | Double-Bit Axe |
| 19:37 | Build | House |
| 19:38 | Build | House |
| 20:10 | Build | Archery Range |
| 20:12 | Build | Archery Range |
| 20:14 | Build | Archery Range |
| 20:19 | Research | Fletching |
| 20:48 | Research | Bloodlines |
| 21:05 | Build | House |
| 21:05 | Age | Castle Age |
| 21:14 | Create | Cavalry Archer |
| 21:14 | Create | Cavalry Archer |
| 21:19 | Research | Padded Archer Armor |
| 21:23 | Create | Villager (Male) |
| 21:23 | Create | Villager (Male) |
| 21:42 | Create | Villager (Male) |
| 21:43 | Create | Villager (Male) |
| 21:51 | Create | Cavalry Archer |
| 21:51 | Create | Cavalry Archer |
| 22:05 | Build | Farm |
| 22:05 | Build | Farm |
| 22:08 | Build | Farm |
| 22:18 | Create | Villager (Male) |
| 22:18 | Create | Villager (Male) |
| 22:29 | Create | Cavalry Archer |
| 22:29 | Create | Cavalry Archer |
| 22:29 | Create | Cavalry Archer |
| 22:30 | Create | Cavalry Archer |
| 22:35 | Create | Villager (Male) |
| 23:12 | Create | Villager (Male) |
| 23:12 | Create | Villager (Male) |
| 23:24 | Build | Market |
| 23:38 | Create | Villager (Male) |
| 23:56 | Create | Cavalry Archer |
| 23:56 | Create | Cavalry Archer |
| 23:57 | Create | Cavalry Archer |
| 23:57 | Create | Cavalry Archer |
| 24:10 | Create | Villager (Male) |
| 24:23 | Build | Town Center |
| 24:31 | Research | Husbandry |
| 24:34 | Create | Cavalry Archer |
| 24:34 | Create | Cavalry Archer |
| 24:37 | Create | Villager (Male) |
| 24:37 | Create | Villager (Male) |
| 24:37 | Create | Villager (Male) |
| 24:46 | Build | House |
| 24:47 | Build | House |
| 24:51 | Build | House |
| 25:24 | Research | Bodkin Arrow |
| 25:25 | Research | Bodkin Arrow |
| 25:29 | Create | Villager (Male) |
| 25:29 | Create | Villager (Male) |
| 25:47 | Create | Cavalry Archer |
| 25:47 | Create | Cavalry Archer |
| 25:47 | Create | Cavalry Archer |
| 25:48 | Create | Cavalry Archer |
| 25:54 | Build | Farm |
| 25:55 | Build | Farm |
| 25:56 | Build | Farm |
| 26:24 | Create | Villager (Male) |
| 26:24 | Create | Villager (Male) |
| 26:24 | Create | Villager (Male) |
| 26:24 | Create | Villager (Male) |
| 26:29 | Create | Cavalry Archer |
| 26:30 | Create | Cavalry Archer |
| 26:30 | Create | Cavalry Archer |
| 26:47 | Create | Villager (Male) |
| 26:47 | Create | Villager (Male) |
| 27:10 | Create | Cavalry Archer |
| 27:10 | Create | Cavalry Archer |
| 27:14 | Create | Villager (Male) |
| 27:14 | Create | Villager (Male) |
| 27:14 | Create | Villager (Male) |
| 27:20 | Research | Bow Saw |
| 27:53 | Build | Town Center |
| 28:03 | Build | House |
| 28:07 | Build | House |
| 28:09 | Build | House |
| 28:10 | Build | House |
Build order — Bet0
First 150 of 398 actions detected
| 0:44 | Build | Town Center |
| 2:37 | Build | House |
| 2:48 | Create | Villager (Male) |
| 2:48 | Create | Villager (Male) |
| 2:52 | Create | Villager (Male) |
| 2:53 | Create | Villager (Male) |
| 2:53 | Create | Villager (Male) |
| 3:56 | Create | Villager (Male) |
| 4:46 | Create | Villager (Male) |
| 5:05 | Create | Villager (Male) |
| 5:19 | Build | House |
| 5:20 | Create | Villager (Male) |
| 5:45 | Build | House |
| 5:57 | Create | Villager (Male) |
| 5:59 | Build | House |
| 6:17 | Create | Villager (Male) |
| 6:18 | Create | Villager (Male) |
| 6:43 | Build | House |
| 6:44 | Create | Villager (Male) |
| 7:25 | Create | Villager (Male) |
| 7:34 | Create | Villager (Male) |
| 7:36 | Create | Villager (Male) |
| 7:40 | Create | Villager (Male) |
| 8:05 | Create | Villager (Male) |
| 8:56 | Create | Villager (Male) |
| 8:59 | Build | House |
| 9:01 | Create | Villager (Male) |
| 9:13 | Build | House |
| 9:19 | Build | House |
| 9:36 | Build | Mining Camp |
| 9:43 | Build | House |
| 9:44 | Create | Villager (Male) |
| 9:52 | Build | House |
| 10:33 | Build | House |
| 11:04 | Create | Villager (Male) |
| 11:17 | Build | House |
| 11:33 | Research | Feudal Age |
| 11:41 | Build | House |
| 11:49 | Build | Mill |
| 12:06 | Build | House |
| 13:11 | Research | Loom |
| 13:43 | Age | Feudal Age |
| 13:56 | Build | Lumber Camp |
| 14:10 | Research | Castle Age |
| 14:17 | Build | Farm |
| 14:22 | Build | Farm |
| 14:25 | Create | Villager (Male) |
| 14:28 | Build | Farm |
| 14:41 | Build | Farm |
| 14:47 | Build | Farm |
| 14:52 | Research | Double-Bit Axe |
| 15:10 | Build | Farm |
| 15:15 | Create | Villager (Male) |
| 15:41 | Build | Farm |
| 15:53 | Build | House |
| 16:50 | Age | Castle Age |
| 16:54 | Build | Town Center |
| 16:55 | Create | Villager (Male) |
| 16:58 | Create | Villager (Male) |
| 17:01 | Create | Villager (Male) |
| 17:15 | Create | Villager (Male) |
| 17:25 | Build | Farm |
| 18:02 | Create | Villager (Male) |
| 18:02 | Create | Villager (Male) |
| 18:08 | Build | Stable |
| 18:10 | Create | Villager (Male) |
| 18:14 | Create | Villager (Male) |
| 18:14 | Create | Villager (Male) |
| 18:18 | Create | Villager (Male) |
| 18:24 | Research | Bow Saw |
| 18:26 | Research | Horse Collar |
| 18:26 | Create | Villager (Male) |
| 18:27 | Create | Villager (Male) |
| 18:27 | Create | Villager (Male) |
| 18:28 | Create | Villager (Male) |
| 18:30 | Create | Villager (Male) |
| 18:32 | Create | Villager (Male) |
| 18:39 | Create | Knight |
| 18:48 | Create | Villager (Male) |
| 18:54 | Create | Villager (Male) |
| 18:57 | Create | Villager (Male) |
| 19:00 | Build | Farm |
| 19:03 | Create | Villager (Male) |
| 19:03 | Create | Villager (Male) |
| 19:08 | Create | Villager (Male) |
| 19:09 | Create | Villager (Male) |
| 19:12 | Build | Farm |
| 19:15 | Create | Villager (Male) |
| 19:18 | Create | Knight |
| 19:25 | Create | Villager (Male) |
| 19:27 | Create | Villager (Male) |
| 19:28 | Create | Villager (Male) |
| 19:39 | Create | Villager (Male) |
| 19:42 | Build | Farm |
| 19:43 | Build | Farm |
| 19:43 | Build | Farm |
| 19:43 | Build | Farm |
| 19:50 | Create | Villager (Male) |
| 19:58 | Build | Lumber Camp |
| 20:01 | Create | Villager (Male) |
| 20:20 | Create | Villager (Male) |
| 20:21 | Create | Villager (Male) |
| 20:22 | Create | Villager (Male) |
| 20:25 | Build | Farm |
| 20:26 | Create | Villager (Male) |
| 20:26 | Create | Villager (Male) |
| 20:33 | Create | Villager (Male) |
| 20:33 | Create | Villager (Male) |
| 20:39 | Build | House |
| 20:39 | Build | House |
| 20:40 | Create | Villager (Male) |
| 20:40 | Create | Villager (Male) |
| 21:13 | Create | Villager (Male) |
| 21:14 | Create | Villager (Male) |
| 21:15 | Create | Villager (Male) |
| 21:24 | Create | Villager (Male) |
| 21:24 | Create | Villager (Male) |
| 21:24 | Create | Villager (Male) |
| 21:34 | Research | Heavy Plow |
| 21:41 | Build | Farm |
| 21:42 | Build | Farm |
| 21:43 | Build | Farm |
| 21:51 | Create | Villager (Male) |
| 21:51 | Create | Villager (Male) |
| 21:59 | Create | Villager (Male) |
| 22:01 | Create | Villager (Male) |
| 22:01 | Create | Villager (Male) |
| 22:04 | Create | Villager (Male) |
| 22:15 | Build | Farm |
| 22:18 | Build | Farm |
| 22:19 | Create | Villager (Male) |
| 22:19 | Create | Villager (Male) |
| 22:24 | Create | Villager (Male) |
| 22:25 | Build | Farm |
| 22:26 | Build | Farm |
| 22:31 | Build | Farm |
| 22:31 | Create | Villager (Male) |
| 22:32 | Create | Villager (Male) |
| 22:35 | Create | Villager (Male) |
| 22:35 | Create | Villager (Male) |
| 22:39 | Create | Villager (Male) |
| 22:41 | Create | Villager (Male) |
| 22:41 | Create | Villager (Male) |
| 22:42 | Create | Villager (Male) |
| 22:49 | Build | Town Center |
| 22:51 | Create | Villager (Male) |
| 22:58 | Create | Knight |
| 23:23 | Create | Knight |
| 23:27 | Create | Knight |
| 23:34 | Build | House |
Build order — TabrisLi
First 150 of 346 actions detected
| 0:10 | Build | House |
| 0:39 | Build | Town Center |
| 1:50 | Build | Lumber Camp |
| 1:56 | Build | House |
| 3:17 | Research | Loom |
| 3:17 | Create | Villager (Male) |
| 3:17 | Create | Villager (Male) |
| 3:33 | Create | Villager (Male) |
| 3:33 | Create | Villager (Male) |
| 3:33 | Create | Villager (Male) |
| 5:36 | Create | Villager (Male) |
| 5:37 | Create | Villager (Male) |
| 6:24 | Create | Villager (Male) |
| 6:25 | Create | Villager (Male) |
| 6:25 | Create | Villager (Male) |
| 6:57 | Create | Villager (Male) |
| 6:57 | Create | Villager (Male) |
| 7:21 | Create | Villager (Male) |
| 7:21 | Create | Villager (Male) |
| 7:21 | Create | Villager (Male) |
| 7:39 | Create | Villager (Male) |
| 7:40 | Create | Villager (Male) |
| 8:06 | Build | House |
| 8:09 | Build | House |
| 8:32 | Create | Villager (Male) |
| 8:32 | Create | Villager (Male) |
| 8:41 | Build | Mill |
| 9:00 | Create | Villager (Male) |
| 9:08 | Create | Villager (Male) |
| 9:08 | Create | Villager (Male) |
| 9:34 | Create | Villager (Male) |
| 10:15 | Create | Villager (Male) |
| 10:33 | Create | Villager (Male) |
| 10:47 | Create | Villager (Male) |
| 11:13 | Build | Mining Camp |
| 11:44 | Research | Feudal Age |
| 11:44 | Research | Feudal Age |
| 11:44 | Research | Feudal Age |
| 11:44 | Research | Feudal Age |
| 12:09 | Build | Palisade Gate |
| 12:12 | Build | House |
| 12:24 | Create | Villager (Male) |
| 12:55 | Build | Palisade Wall |
| 13:08 | Create | Villager (Male) |
| 13:54 | Age | Feudal Age |
| 14:01 | Build | Market |
| 14:05 | Build | Palisade Wall |
| 14:17 | Build | Blacksmith |
| 14:35 | Create | Villager (Male) |
| 15:23 | Create | Villager (Male) |
| 15:47 | Build | House |
| 16:17 | Research | Castle Age |
| 16:18 | Research | Castle Age |
| 16:35 | Build | Palisade Wall |
| 17:20 | Research | Double-Bit Axe |
| 17:20 | Research | Double-Bit Axe |
| 18:03 | Research | Horse Collar |
| 18:03 | Research | Horse Collar |
| 18:26 | Create | Villager (Male) |
| 18:57 | Age | Castle Age |
| 19:02 | Create | Villager (Male) |
| 19:12 | Build | Town Center |
| 19:22 | Build | Town Center |
| 19:27 | Create | Villager (Male) |
| 19:34 | Build | Palisade Wall |
| 19:47 | Build | Lumber Camp |
| 19:48 | Create | Villager (Male) |
| 19:49 | Create | Villager (Male) |
| 20:12 | Create | Villager (Male) |
| 20:19 | Build | House |
| 20:33 | Create | Villager (Male) |
| 20:34 | Research | Bow Saw |
| 21:28 | Create | Villager (Male) |
| 21:28 | Create | Villager (Male) |
| 21:31 | Build | House |
| 21:33 | Build | House |
| 21:41 | Build | Barracks |
| 22:15 | Create | Villager (Male) |
| 22:15 | Create | Villager (Male) |
| 22:26 | Build | Farm |
| 22:26 | Build | Farm |
| 22:28 | Build | Farm |
| 22:31 | Build | Farm |
| 22:32 | Create | Villager (Male) |
| 22:33 | Create | Villager (Male) |
| 22:35 | Build | House |
| 22:36 | Create | Villager (Male) |
| 22:37 | Create | Villager (Male) |
| 22:40 | Create | Villager (Male) |
| 23:31 | Create | Villager (Male) |
| 23:32 | Create | Villager (Male) |
| 23:37 | Build | Stable |
| 23:40 | Create | Villager (Male) |
| 23:42 | Build | Farm |
| 23:43 | Build | Farm |
| 23:44 | Build | Farm |
| 23:46 | Build | Farm |
| 23:47 | Build | Farm |
| 23:52 | Create | Villager (Male) |
| 23:52 | Create | Villager (Male) |
| 23:54 | Build | House |
| 23:55 | Build | House |
| 23:57 | Build | Palisade Wall |
| 24:02 | Build | Farm |
| 24:04 | Build | Farm |
| 24:07 | Create | Villager (Male) |
| 24:15 | Build | Stable |
| 24:21 | Build | Siege Workshop |
| 24:45 | Create | Mangonel |
| 24:53 | Research | Bloodlines |
| 25:00 | Create | Mangonel |
| 25:03 | Create | Villager (Male) |
| 25:04 | Create | Villager (Male) |
| 25:10 | Build | Farm |
| 25:11 | Build | Farm |
| 25:12 | Build | Farm |
| 25:13 | Build | Farm |
| 25:15 | Build | Farm |
| 25:23 | Create | Villager (Male) |
| 25:23 | Create | Villager (Male) |
| 25:24 | Create | Villager (Male) |
| 25:27 | Build | Stable |
| 25:31 | Build | House |
| 25:32 | Build | House |
| 25:40 | Build | House |
| 25:41 | Create | Villager (Male) |
| 25:42 | Create | Villager (Male) |
| 25:49 | Create | Knight |
| 26:06 | Build | Palisade Wall |
| 26:09 | Create | Knight |
| 26:09 | Create | Knight |
| 26:09 | Create | Knight |
| 26:26 | Build | House |
| 26:27 | Build | House |
| 26:39 | Create | Knight |
| 26:39 | Create | Knight |
| 26:45 | Build | Farm |
| 26:46 | Build | Farm |
| 26:47 | Build | Farm |
| 26:51 | Create | Scorpion |
| 27:11 | Research | Scale Barding Armor |
| 27:11 | Research | Scale Barding Armor |
| 27:22 | Build | Farm |
| 27:24 | Build | Farm |
| 27:28 | Build | Farm |
| 27:34 | Create | Knight |
| 27:34 | Create | Knight |
| 27:34 | Create | Knight |
| 27:39 | Build | Farm |
| 27:42 | Build | Farm |
Build order — 1688allen
First 150 of 222 actions detected
| 0:17 | Build | Town Center |
| 0:41 | Build | House |
| 2:07 | Build | House |
| 2:32 | Create | Villager (Male) |
| 2:33 | Create | Villager (Male) |
| 2:33 | Create | Villager (Male) |
| 2:36 | Create | Villager (Male) |
| 2:37 | Create | Villager (Male) |
| 2:38 | Research | Loom |
| 4:58 | Create | Villager (Male) |
| 4:58 | Create | Villager (Male) |
| 4:59 | Create | Villager (Male) |
| 5:47 | Create | Villager (Male) |
| 5:47 | Create | Villager (Male) |
| 6:24 | Create | Villager (Male) |
| 6:25 | Create | Villager (Male) |
| 6:25 | Create | Villager (Male) |
| 6:25 | Create | Villager (Male) |
| 8:02 | Create | Villager (Male) |
| 8:02 | Create | Villager (Male) |
| 8:03 | Create | Villager (Male) |
| 8:22 | Build | House |
| 8:28 | Create | Villager (Male) |
| 8:28 | Create | Villager (Male) |
| 8:29 | Create | Villager (Male) |
| 8:29 | Create | Villager (Male) |
| 8:46 | Create | Villager (Male) |
| 8:47 | Create | Villager (Male) |
| 8:59 | Create | Villager (Male) |
| 9:00 | Create | Villager (Male) |
| 9:00 | Create | Villager (Male) |
| 9:19 | Create | Villager (Male) |
| 9:19 | Create | Villager (Male) |
| 9:19 | Create | Villager (Male) |
| 9:40 | Create | Villager (Male) |
| 9:40 | Create | Villager (Male) |
| 10:16 | Build | House |
| 10:22 | Create | Villager (Male) |
| 10:22 | Create | Villager (Male) |
| 10:29 | Create | Villager (Male) |
| 10:30 | Create | Villager (Male) |
| 10:58 | Build | Mill |
| 12:04 | Build | Mining Camp |
| 12:38 | Create | Villager (Male) |
| 12:48 | Build | House |
| 13:02 | Build | Mill |
| 13:06 | Create | Villager (Male) |
| 13:26 | Research | Feudal Age |
| 13:27 | Research | Feudal Age |
| 13:27 | Research | Feudal Age |
| 15:23 | Build | Barracks |
| 15:36 | Age | Feudal Age |
| 15:49 | Build | Market |
| 16:21 | Build | Stable |
| 16:25 | Create | Villager (Male) |
| 17:14 | Build | Lumber Camp |
| 18:57 | Research | Castle Age |
| 18:58 | Research | Castle Age |
| 19:26 | Build | Farm |
| 19:28 | Build | Farm |
| 19:30 | Build | Farm |
| 19:32 | Build | Farm |
| 19:57 | Research | Horse Collar |
| 20:37 | Research | Double-Bit Axe |
| 21:13 | Research | Wheelbarrow |
| 21:37 | Age | Castle Age |
| 21:40 | Create | Knight |
| 21:41 | Create | Knight |
| 21:55 | Build | Town Center |
| 22:03 | Build | Town Center |
| 22:06 | Create | Villager (Male) |
| 22:10 | Research | Husbandry |
| 22:22 | Create | Knight |
| 22:46 | Build | Blacksmith |
| 23:05 | Create | Villager (Male) |
| 23:12 | Create | Villager (Male) |
| 23:33 | Create | Knight |
| 23:39 | Build | Farm |
| 23:41 | Build | Farm |
| 24:05 | Create | Villager (Male) |
| 24:34 | Create | Villager (Male) |
| 25:00 | Create | Villager (Male) |
| 25:18 | Build | Farm |
| 25:29 | Create | Villager (Male) |
| 25:29 | Create | Villager (Male) |
| 25:30 | Create | Villager (Male) |
| 26:06 | Create | Villager (Male) |
| 26:06 | Create | Villager (Male) |
| 26:06 | Create | Villager (Male) |
| 26:33 | Build | Farm |
| 26:34 | Create | Villager (Male) |
| 26:37 | Create | Villager (Male) |
| 26:37 | Create | Villager (Male) |
| 26:45 | Create | Villager (Male) |
| 27:09 | Build | Farm |
| 27:09 | Build | Farm |
| 27:09 | Build | Farm |
| 27:09 | Build | Farm |
| 27:09 | Build | Farm |
| 27:10 | Build | Farm |
| 27:13 | Create | Villager (Male) |
| 27:24 | Build | House |
| 27:24 | Build | House |
| 27:24 | Build | House |
| 27:25 | Build | House |
| 27:25 | Build | House |
| 27:25 | Build | House |
| 27:42 | Create | Villager (Male) |
| 27:45 | Create | Villager (Male) |
| 28:08 | Create | Villager (Male) |
| 28:10 | Create | Villager (Male) |
| 28:26 | Build | Archery Range |
| 28:28 | Build | Archery Range |
| 28:33 | Create | Villager (Male) |
| 28:46 | Create | Villager (Male) |
| 28:56 | Create | Villager (Male) |
| 29:02 | Create | Villager (Male) |
| 29:02 | Create | Villager (Male) |
| 29:12 | Create | Archer |
| 29:12 | Create | Archer |
| 29:16 | Build | Archery Range |
| 29:30 | Build | Farm |
| 29:30 | Build | Farm |
| 29:30 | Build | Farm |
| 29:31 | Build | Farm |
| 29:31 | Build | Farm |
| 29:36 | Create | Archer ×2 |
| 29:53 | Create | Archer |
| 30:08 | Create | Archer |
| 30:18 | Research | Padded Archer Armor |
| 30:22 | Create | Villager (Male) |
| 30:26 | Create | Villager (Male) |
| 30:29 | Build | Farm |
| 30:29 | Build | Farm |
| 30:29 | Build | Farm |
| 30:30 | Build | Farm |
| 30:30 | Build | Farm |
| 30:30 | Build | Farm |
| 30:32 | Create | Villager (Male) |
| 30:33 | Create | Villager (Male) |
| 30:33 | Create | Villager (Male) |
| 31:09 | Create | Archer ×3 |
| 31:37 | Create | Archer ×2 |
| 31:46 | Research | Town Watch |
| 31:54 | Create | Villager (Male) |
| 32:01 | Build | Castle |
| 32:33 | Research | Crossbowman (upgrade) |
| 33:13 | Build | Stable |
| 33:22 | Research | Bow Saw |
| 34:06 | Create | Shotel Warrior ×2 |
Build order — Tamy Chan
First 150 of 153 actions detected
| 0:58 | Build | Town Center |
| 1:16 | Build | House |
| 2:59 | Build | House |
| 3:40 | Create | Villager (Male) |
| 3:40 | Create | Villager (Male) |
| 3:44 | Create | Villager (Male) |
| 4:20 | Create | Villager (Male) |
| 5:07 | Create | Villager (Male) |
| 5:26 | Research | Loom |
| 5:28 | Build | House |
| 5:43 | Build | House |
| 5:53 | Create | Villager (Male) |
| 6:24 | Create | Villager (Male) |
| 6:46 | Build | Mill |
| 6:55 | Create | Villager (Male) |
| 7:16 | Create | Villager (Male) |
| 7:29 | Create | Villager (Male) |
| 8:04 | Build | House |
| 8:11 | Create | Villager (Male) |
| 8:41 | Create | Villager (Male) |
| 9:06 | Create | Villager (Male) |
| 9:10 | Build | House |
| 9:12 | Build | House |
| 9:15 | Create | Villager (Male) |
| 9:49 | Create | Villager (Male) |
| 10:10 | Create | Villager (Male) |
| 11:16 | Create | Villager (Male) |
| 11:46 | Create | Villager (Male) |
| 11:52 | Build | Mining Camp |
| 11:53 | Create | Villager (Male) |
| 12:11 | Build | House |
| 12:49 | Research | Feudal Age |
| 13:15 | Create | Villager (Male) |
| 13:15 | Create | Villager (Male) |
| 13:57 | Build | House |
| 14:20 | Build | House |
| 14:59 | Age | Feudal Age |
| 15:04 | Create | Villager (Male) |
| 15:08 | Build | Market |
| 15:12 | Build | Blacksmith |
| 16:04 | Build | Barracks |
| 16:23 | Research | Castle Age |
| 16:29 | Build | House |
| 17:10 | Build | Archery Range |
| 17:12 | Create | Villager (Male) |
| 17:23 | Create | Villager (Male) |
| 18:11 | Build | Lumber Camp |
| 19:03 | Age | Castle Age |
| 19:11 | Research | Double-Bit Axe |
| 19:15 | Create | Villager (Male) |
| 19:31 | Build | Town Center |
| 19:37 | Create | Unit 1911 |
| 19:39 | Create | Unit 1911 |
| 19:44 | Create | Villager (Male) |
| 20:01 | Create | Villager (Male) |
| 20:03 | Create | Unit 1911 |
| 20:14 | Research | Fletching |
| 20:16 | Create | Villager (Male) |
| 20:23 | Build | House |
| 20:24 | Build | House |
| 20:24 | Build | House |
| 20:25 | Build | House |
| 20:30 | Research | Town Watch |
| 20:36 | Build | House |
| 20:38 | Build | House |
| 20:43 | Create | Villager (Male) |
| 20:43 | Create | Villager (Male) |
| 20:58 | Create | Unit 1911 |
| 20:58 | Create | Villager (Male) |
| 21:01 | Research | Wheelbarrow |
| 21:07 | Create | Villager (Male) |
| 21:15 | Build | House |
| 21:29 | Create | Villager (Male) |
| 21:31 | Create | Villager (Male) |
| 21:35 | Create | Unit 1911 |
| 21:38 | Build | House |
| 21:52 | Create | Villager (Male) |
| 22:02 | Build | House |
| 22:19 | Create | Unit 1911 |
| 22:23 | Build | House |
| 22:24 | Build | House |
| 22:39 | Build | Farm |
| 22:41 | Build | Farm |
| 22:44 | Create | Unit 1911 |
| 22:57 | Create | Villager (Male) |
| 23:08 | Create | Villager (Male) |
| 23:13 | Build | University |
| 23:14 | Create | Villager (Male) |
| 23:19 | Build | University |
| 23:25 | Create | Villager (Male) |
| 23:28 | Create | Villager (Male) |
| 23:29 | Build | Farm |
| 23:49 | Create | Unit 1911 |
| 23:57 | Build | Farm |
| 23:59 | Build | Farm |
| 24:00 | Create | Villager (Male) |
| 24:10 | Create | Unit 1911 |
| 24:10 | Create | Villager (Male) |
| 24:25 | Build | Farm |
| 24:26 | Create | Villager (Male) |
| 25:05 | Create | Villager (Male) |
| 25:06 | Create | Villager (Male) |
| 25:09 | Build | Farm |
| 25:11 | Build | Farm |
| 25:21 | Create | Villager (Male) |
| 25:26 | Build | Siege Workshop |
| 25:28 | Create | Unit 1911 |
| 25:34 | Create | Villager (Male) |
| 25:35 | Create | Villager (Male) |
| 25:37 | Build | Farm |
| 25:42 | Create | Villager (Male) |
| 25:48 | Build | Farm |
| 26:40 | Create | Iron Pagoda |
| 26:42 | Create | Villager (Male) |
| 26:46 | Create | Villager (Male) |
| 26:52 | Build | Farm |
| 26:53 | Create | Skirmisher |
| 26:54 | Create | Skirmisher |
| 27:09 | Create | Villager (Male) |
| 27:14 | Create | Villager (Male) |
| 27:26 | Build | Farm |
| 27:28 | Create | Villager (Male) |
| 27:30 | Create | Villager (Male) |
| 27:33 | Build | Farm |
| 27:35 | Build | Farm |
| 27:42 | Create | Villager (Male) |
| 27:59 | Create | Iron Pagoda |
| 28:01 | Create | Villager (Male) |
| 28:04 | Build | Farm |
| 28:05 | Build | Farm |
| 28:07 | Create | Villager (Male) |
| 28:13 | Create | Villager (Male) |
| 28:15 | Build | Farm |
| 28:18 | Build | Farm |
| 28:21 | Create | Villager (Male) |
| 28:22 | Create | Villager (Male) |
| 29:04 | Build | Castle |
| 29:23 | Create | Skirmisher |
| 29:23 | Create | Skirmisher |
| 29:23 | Create | Skirmisher |
| 29:24 | Create | Skirmisher |
| 29:32 | Create | Villager (Male) |
| 29:48 | Create | Villager (Male) |
| 29:55 | Build | Castle |
| 30:20 | Build | Castle |
| 30:33 | Build | Castle |
| 30:35 | Create | Villager (Male) |
| 30:37 | Create | Villager (Male) |
| 30:43 | Create | Villager (Male) |
| 30:48 | Create | Skirmisher |
Build order — [CL]Jigsaw
First 150 of 232 actions detected
| 1:19 | Build | Town Center |
| 3:21 | Build | House |
| 3:51 | Create | Villager (Male) |
| 3:51 | Create | Villager (Male) |
| 3:51 | Create | Villager (Male) |
| 3:51 | Create | Villager (Male) |
| 4:08 | Research | Loom |
| 4:18 | Create | Villager (Male) |
| 4:18 | Create | Villager (Male) |
| 4:35 | Build | House |
| 4:54 | Build | House |
| 4:58 | Build | House |
| 5:48 | Create | Villager (Male) |
| 6:22 | Create | Villager (Male) |
| 6:22 | Create | Villager (Male) |
| 6:35 | Build | House |
| 6:40 | Build | House |
| 6:49 | Create | Villager (Male) |
| 6:49 | Create | Villager (Male) |
| 7:20 | Create | Villager (Male) |
| 7:20 | Create | Villager (Male) |
| 7:27 | Build | House |
| 7:58 | Build | House |
| 7:59 | Create | Villager (Male) |
| 8:00 | Create | Villager (Male) |
| 8:28 | Build | House |
| 8:47 | Create | Villager (Male) |
| 8:58 | Build | House |
| 9:06 | Create | Villager (Male) |
| 9:06 | Create | Villager (Male) |
| 9:44 | Create | Villager (Male) |
| 10:04 | Create | Villager (Male) |
| 11:00 | Build | Lumber Camp |
| 11:05 | Create | Villager (Male) |
| 11:05 | Create | Villager (Male) |
| 11:20 | Create | Villager (Male) |
| 11:20 | Create | Villager (Male) |
| 11:20 | Create | Villager (Male) |
| 11:21 | Create | Villager (Male) |
| 11:21 | Create | Villager (Male) |
| 11:21 | Create | Villager (Male) |
| 11:39 | Create | Villager (Male) |
| 12:45 | Create | Villager (Male) |
| 12:54 | Build | Mill |
| 12:57 | Create | Villager (Male) |
| 13:33 | Research | Feudal Age |
| 14:08 | Build | House |
| 14:09 | Build | House |
| 14:45 | Build | Mining Camp |
| 15:14 | Build | Palisade Gate |
| 15:17 | Build | Palisade Wall |
| 15:45 | Age | Feudal Age |
| 15:56 | Build | Market |
| 15:58 | Create | Villager (Male) |
| 16:00 | Research | Town Watch |
| 16:12 | Build | Blacksmith |
| 16:25 | Create | Villager (Male) |
| 17:06 | Build | Barracks |
| 17:08 | Create | Villager (Male) |
| 17:16 | Build | Farm |
| 17:28 | Build | Palisade Gate |
| 17:31 | Build | House |
| 17:34 | Build | House |
| 17:45 | Build | Farm |
| 17:56 | Research | Castle Age |
| 18:44 | Research | Double-Bit Axe |
| 18:46 | Research | Horse Collar |
| 20:36 | Age | Castle Age |
| 20:38 | Build | Monastery |
| 20:43 | Build | Town Center |
| 20:55 | Build | Town Center |
| 20:59 | Create | Villager (Male) |
| 21:00 | Create | Villager (Male) |
| 21:02 | Build | Farm |
| 21:10 | Create | Monk |
| 21:28 | Build | Farm |
| 21:33 | Build | Farm |
| 21:41 | Create | Villager (Male) |
| 21:52 | Build | Farm |
| 21:56 | Research | Heavy Plow |
| 21:57 | Create | Villager (Male) |
| 22:15 | Create | Villager (Male) |
| 22:25 | Build | Farm |
| 22:36 | Build | Farm |
| 22:37 | Build | Farm |
| 22:40 | Create | Villager (Male) |
| 22:50 | Build | Farm |
| 22:51 | Build | Farm |
| 22:56 | Build | Farm |
| 22:57 | Build | Farm |
| 23:01 | Create | Villager (Male) |
| 23:12 | Build | Farm |
| 23:26 | Create | Villager (Male) |
| 23:39 | Create | Villager (Male) |
| 23:55 | Create | Villager (Male) |
| 23:58 | Create | Villager (Male) |
| 24:04 | Create | Monk |
| 24:13 | Create | Villager (Male) |
| 24:23 | Build | Farm |
| 24:26 | Create | Villager (Male) |
| 24:39 | Create | Villager (Male) |
| 24:41 | Create | Villager (Male) |
| 24:53 | Build | Farm |
| 24:59 | Build | Farm |
| 25:19 | Build | Castle |
| 25:21 | Create | Villager (Male) |
| 25:22 | Create | Villager (Male) |
| 25:23 | Create | Villager (Male) |
| 25:26 | Research | Fletching |
| 25:38 | Build | House |
| 25:40 | Build | House |
| 25:50 | Build | Palisade Gate |
| 25:52 | Build | House |
| 25:53 | Build | House |
| 25:56 | Create | Villager (Male) |
| 25:57 | Create | Villager (Male) |
| 25:58 | Create | Villager (Male) |
| 26:07 | Build | Farm |
| 26:08 | Build | Farm |
| 26:09 | Build | Farm |
| 26:11 | Build | Farm |
| 26:19 | Build | House |
| 26:20 | Build | House |
| 26:21 | Build | House |
| 26:28 | Research | Bodkin Arrow |
| 26:36 | Create | Villager (Male) |
| 26:40 | Build | Farm |
| 26:46 | Create | Villager (Male) |
| 26:48 | Create | Villager (Male) |
| 26:59 | Create | Ratha (Ranged) |
| 26:59 | Create | Ratha (Ranged) |
| 27:00 | Create | Ratha (Ranged) |
| 27:12 | Create | Villager (Male) |
| 27:13 | Create | Villager (Male) |
| 27:20 | Build | Farm |
| 27:21 | Build | Farm |
| 27:22 | Build | Farm |
| 27:23 | Build | Farm |
| 27:33 | Create | Villager (Male) |
| 27:34 | Create | Villager (Male) |
| 27:35 | Create | Villager (Male) |
| 27:41 | Build | House |
| 27:46 | Build | House |
| 27:48 | Build | House |
| 27:53 | Create | Villager (Male) |
| 27:54 | Create | Villager (Male) |
| 27:55 | Create | Villager (Male) |
| 27:57 | Create | Ratha (Ranged) |
| 27:57 | Create | Ratha (Ranged) |
| 28:11 | Build | Siege Workshop |
Build order — 468449885
First 150 of 338 actions detected
| 0:06 | Build | House |
| 0:52 | Build | Town Center |
| 1:40 | Build | House |
| 1:46 | Build | Settlement |
| 3:35 | Create | Villager (Male) |
| 3:35 | Create | Villager (Male) |
| 3:35 | Create | Villager (Male) |
| 3:36 | Create | Villager (Male) |
| 3:36 | Create | Villager (Male) |
| 3:36 | Create | Villager (Male) |
| 4:47 | Research | Loom |
| 4:47 | Research | Loom |
| 4:48 | Create | Villager (Male) |
| 4:48 | Create | Villager (Male) |
| 4:49 | Create | Villager (Male) |
| 5:23 | Create | Villager (Male) |
| 5:23 | Create | Villager (Male) |
| 5:24 | Create | Villager (Male) |
| 6:05 | Create | Villager (Male) |
| 6:18 | Create | Villager (Male) |
| 6:18 | Create | Villager (Male) |
| 6:18 | Create | Villager (Male) |
| 7:21 | Create | Villager (Male) |
| 7:21 | Create | Villager (Male) |
| 7:22 | Create | Villager (Male) |
| 7:22 | Create | Villager (Male) |
| 7:22 | Create | Villager (Male) |
| 7:57 | Create | Villager (Male) |
| 7:57 | Create | Villager (Male) |
| 8:41 | Create | Villager (Male) |
| 9:25 | Create | Villager (Male) |
| 9:44 | Create | Villager (Male) |
| 9:56 | Create | Villager (Male) |
| 10:37 | Build | Settlement |
| 10:42 | Create | Villager (Male) |
| 11:00 | Build | Settlement |
| 11:13 | Create | Villager (Male) |
| 11:14 | Create | Villager (Male) |
| 11:57 | Create | Villager (Male) |
| 12:24 | Create | Villager (Male) |
| 12:52 | Research | Feudal Age |
| 12:53 | Research | Feudal Age |
| 12:53 | Research | Feudal Age |
| 14:17 | Build | Settlement |
| 14:41 | Create | Villager (Male) |
| 14:41 | Create | Villager (Male) |
| 15:03 | Age | Feudal Age |
| 15:09 | Create | Villager (Male) |
| 15:15 | Build | Market |
| 15:19 | Build | Blacksmith |
| 16:07 | Build | Stone Wall |
| 16:11 | Build | Gate |
| 16:22 | Research | Castle Age |
| 17:10 | Research | Horse Collar |
| 17:10 | Research | Horse Collar |
| 17:12 | Research | Double-Bit Axe |
| 17:12 | Research | Double-Bit Axe |
| 18:07 | Research | Wheelbarrow |
| 18:09 | Research | Town Watch |
| 18:45 | Build | Stone Wall |
| 18:53 | Build | Gate |
| 19:02 | Age | Castle Age |
| 19:09 | Build | Stone Wall |
| 19:14 | Build | Gate |
| 19:16 | Create | Villager (Male) |
| 19:25 | Build | Town Center |
| 19:58 | Build | House |
| 19:59 | Build | House |
| 20:00 | Build | House |
| 20:04 | Create | Villager (Male) |
| 20:16 | Build | Settlement |
| 20:45 | Create | Villager (Male) |
| 20:46 | Create | Villager (Male) |
| 21:13 | Create | Villager (Male) |
| 21:17 | Build | Monastery |
| 21:40 | Create | Villager (Male) |
| 21:41 | Create | Villager (Male) |
| 21:41 | Create | Villager (Male) |
| 21:43 | Create | Villager (Male) |
| 22:05 | Build | House |
| 22:07 | Build | House |
| 22:11 | Create | Monk |
| 22:17 | Create | Villager (Male) |
| 23:02 | Build | Town Center |
| 23:11 | Create | Villager (Male) |
| 23:15 | Create | Villager (Male) |
| 23:15 | Create | Villager (Male) |
| 23:26 | Research | Bow Saw |
| 23:47 | Create | Villager (Male) |
| 24:01 | Build | Farm |
| 24:03 | Build | Farm |
| 24:04 | Build | Farm |
| 24:06 | Build | Farm |
| 24:08 | Build | Farm |
| 24:09 | Build | Farm |
| 24:10 | Build | Farm |
| 24:18 | Create | Villager (Male) |
| 24:22 | Create | Villager (Male) |
| 24:22 | Create | Villager (Male) |
| 24:33 | Research | Heavy Plow |
| 24:33 | Research | Heavy Plow |
| 24:58 | Create | Villager (Male) |
| 25:04 | Create | Villager (Male) |
| 25:05 | Build | Farm |
| 25:22 | Create | Villager (Male) |
| 25:25 | Create | Villager (Male) |
| 25:35 | Build | Town Center |
| 25:48 | Create | Villager (Male) |
| 25:52 | Create | Villager (Male) |
| 26:00 | Create | Villager (Male) |
| 26:00 | Create | Villager (Male) |
| 26:13 | Create | Villager (Male) |
| 26:19 | Build | Farm |
| 26:20 | Build | Farm |
| 26:22 | Build | Farm |
| 26:29 | Build | Farm |
| 26:31 | Build | Farm |
| 26:32 | Build | Farm |
| 26:33 | Build | Farm |
| 26:42 | Create | Villager (Male) |
| 26:58 | Create | Villager (Male) |
| 26:58 | Create | Villager (Male) |
| 27:05 | Build | Farm |
| 27:06 | Build | Farm |
| 27:08 | Build | Farm |
| 27:09 | Build | Farm |
| 27:11 | Build | Farm |
| 27:14 | Create | Villager (Male) |
| 27:17 | Create | Villager (Male) |
| 27:22 | Create | Villager (Male) |
| 27:22 | Create | Villager (Male) |
| 27:28 | Create | Villager (Male) |
| 27:32 | Build | Castle |
| 28:01 | Create | Villager (Male) |
| 28:05 | Create | Villager (Male) |
| 28:19 | Build | Settlement |
| 28:22 | Create | Villager (Male) |
| 28:26 | Create | Villager (Male) |
| 28:26 | Create | Villager (Male) |
| 28:39 | Create | Villager (Male) |
| 28:48 | Create | Villager (Male) |
| 28:58 | Build | Farm |
| 29:00 | Build | Farm |
| 29:01 | Build | Farm |
| 29:03 | Build | Farm |
| 29:04 | Build | Farm |
| 29:06 | Build | Farm |
| 29:07 | Build | Farm |
| 29:08 | Build | Farm |
| 29:09 | Create | Villager (Male) |
Build order — Returned_Legend
First 150 of 305 actions detected
| 0:39 | Build | Town Center |
| 0:49 | Build | Lumber Camp |
| 1:37 | Build | House |
| 2:47 | Research | Loom |
| 2:47 | Research | Loom |
| 2:48 | Create | Villager (Male) |
| 2:48 | Create | Villager (Male) |
| 2:49 | Create | Villager (Male) |
| 2:58 | Create | Villager (Male) |
| 2:58 | Create | Villager (Male) |
| 2:58 | Create | Villager (Male) |
| 2:58 | Create | Villager (Male) |
| 2:58 | Create | Villager (Male) |
| 2:58 | Create | Villager (Male) |
| 4:25 | Build | Palisade Wall |
| 4:39 | Build | Palisade Wall |
| 4:44 | Build | Palisade Wall |
| 4:48 | Create | Villager (Male) |
| 4:48 | Create | Villager (Male) |
| 4:48 | Create | Villager (Male) |
| 4:48 | Create | Villager (Male) |
| 4:48 | Create | Villager (Male) |
| 5:28 | Create | Villager (Male) |
| 5:28 | Create | Villager (Male) |
| 5:28 | Create | Villager (Male) |
| 5:28 | Create | Villager (Male) |
| 5:28 | Create | Villager (Male) |
| 5:53 | Build | Palisade Gate |
| 6:14 | Build | Palisade Gate |
| 6:26 | Build | Palisade Gate |
| 6:49 | Build | Palisade Gate |
| 6:55 | Create | Villager (Male) |
| 6:55 | Create | Villager (Male) |
| 6:55 | Create | Villager (Male) |
| 6:55 | Create | Villager (Male) |
| 6:55 | Create | Villager (Male) |
| 6:56 | Create | Villager (Male) |
| 6:56 | Create | Villager (Male) |
| 6:56 | Create | Villager (Male) |
| 6:56 | Create | Villager (Male) |
| 7:42 | Create | Villager (Male) |
| 7:42 | Create | Villager (Male) |
| 7:42 | Create | Villager (Male) |
| 7:42 | Create | Villager (Male) |
| 7:42 | Create | Villager (Male) |
| 7:49 | Build | House |
| 8:05 | Build | Mill |
| 8:57 | Build | House |
| 9:08 | Create | Villager (Male) |
| 9:08 | Create | Villager (Male) |
| 9:23 | Build | Barracks |
| 10:11 | Create | Villager (Male) |
| 10:12 | Create | Villager (Male) |
| 10:35 | Build | Mill |
| 10:46 | Create | Militia |
| 10:46 | Create | Militia |
| 10:46 | Create | Militia |
| 10:50 | Create | Villager (Male) |
| 10:50 | Create | Villager (Male) |
| 11:16 | Build | House |
| 11:26 | Create | Militia |
| 11:27 | Create | Militia |
| 11:53 | Build | House |
| 12:00 | Create | Villager (Male) |
| 12:00 | Create | Villager (Male) |
| 12:22 | Create | Villager (Male) |
| 12:22 | Create | Villager (Male) |
| 12:27 | Create | Villager (Male) |
| 12:53 | Create | Villager (Male) |
| 12:59 | Build | Farm |
| 13:00 | Build | Farm |
| 13:04 | Build | Farm |
| 13:10 | Create | Villager (Male) |
| 13:16 | Build | Lumber Camp |
| 14:02 | Create | Villager (Male) |
| 14:08 | Build | Mill |
| 14:59 | Create | Villager (Male) |
| 14:59 | Create | Villager (Male) |
| 15:06 | Build | Mining Camp |
| 15:38 | Build | Farm |
| 15:39 | Build | Farm |
| 15:39 | Build | Farm |
| 15:41 | Build | Farm |
| 16:05 | Create | Villager (Male) |
| 16:10 | Build | House |
| 16:45 | Research | Feudal Age |
| 16:45 | Research | Feudal Age |
| 16:52 | Build | Farm |
| 18:09 | Build | Mill |
| 18:24 | Build | Lumber Camp |
| 18:55 | Age | Feudal Age |
| 18:59 | Create | Villager (Male) |
| 19:04 | Build | Blacksmith |
| 19:23 | Build | Market |
| 19:26 | Create | Villager (Male) |
| 19:39 | Create | Villager (Male) |
| 20:04 | Create | Villager (Male) |
| 20:28 | Build | Lumber Camp |
| 20:55 | Research | Castle Age |
| 21:15 | Research | Double-Bit Axe |
| 21:15 | Research | Double-Bit Axe |
| 21:27 | Build | House |
| 21:28 | Build | House |
| 21:32 | Build | House |
| 21:45 | Create | Spearman |
| 21:53 | Research | Town Watch |
| 22:02 | Build | Palisade Wall |
| 22:09 | Build | Palisade Gate |
| 22:19 | Build | Palisade Gate |
| 22:34 | Build | Mining Camp |
| 22:45 | Create | Spearman |
| 22:56 | Create | Spearman |
| 23:17 | Create | Spearman |
| 23:20 | Research | Forging |
| 23:20 | Research | Forging |
| 23:35 | Age | Castle Age |
| 23:41 | Build | Town Center |
| 24:06 | Build | Monastery |
| 24:17 | Create | Villager (Male) |
| 24:21 | Create | Villager (Male) |
| 24:26 | Build | Farm |
| 24:26 | Build | Farm |
| 24:26 | Build | Farm |
| 24:26 | Build | Farm |
| 24:27 | Build | Farm |
| 24:27 | Build | Farm |
| 24:27 | Build | Farm |
| 24:30 | Build | Farm |
| 24:39 | Build | Town Center |
| 24:51 | Research | Sanctity |
| 24:51 | Create | Monk |
| 24:52 | Create | Monk |
| 24:55 | Create | Villager (Male) |
| 24:55 | Create | Villager (Male) |
| 25:03 | Create | Spearman |
| 25:22 | Build | Farm |
| 25:35 | Research | Horse Collar |
| 25:36 | Research | Horse Collar |
| 25:54 | Create | Villager (Male) |
| 26:10 | Build | Siege Workshop |
| 26:11 | Create | Villager (Male) |
| 26:11 | Create | Villager (Male) |
| 26:12 | Create | Villager (Male) |
| 26:18 | Create | Villager (Male) |
| 26:18 | Create | Villager (Male) |
| 26:24 | Build | Mining Camp |
| 26:40 | Build | Farm |
| 26:49 | Create | Monk |
| 26:53 | Research | Redemption |
| 27:00 | Research | Bow Saw |
Match timeline
| 4:25 | Returned_Legend · wall_segment Palisade Wall x1 |
| 4:39 | Returned_Legend · wall_segment Palisade Wall x1 |
| 4:44 | Returned_Legend · wall_segment Palisade Wall x1 |
| 9:23 | Returned_Legend · first_building Barracks |
| 12:46 | Fia Sare · first_building Barracks |
| 12:55 | TabrisLi · wall_segment Palisade Wall x4 |
| 13:43 | Bet0 · age_up feudal |
| 13:54 | TabrisLi · age_up feudal |
| 14:05 | TabrisLi · wall_segment Palisade Wall x3 |
| 14:34 | Fia Sare · age_up feudal |
| 14:59 | Tamy Chan · age_up feudal |
| 15:03 | 468449885 · age_up feudal |
| 15:08 | Fia Sare · first_building Stable |
| 15:17 | [CL]Jigsaw · wall_segment Palisade Wall x1 |
| 15:23 | 1688allen · first_building Barracks |
| 15:36 | 1688allen · age_up feudal |
| 15:45 | [CL]Jigsaw · age_up feudal |
| 16:03 | TabrisLi · first_market_buy 100 food |
| 16:04 | Tamy Chan · first_building Barracks |
| 16:05 | Tamy Chan · first_market_sell 100 wood |
| 16:06 | Tamy Chan · first_market_buy 100 food |
| 16:07 | 468449885 · wall_segment Stone Wall x16 |
| 16:21 | 1688allen · first_building Stable |
| 16:35 | TabrisLi · wall_segment Palisade Wall x7 |
| 16:50 | Bet0 · age_up castle |
| 17:06 | [CL]Jigsaw · first_building Barracks |
| 17:10 | Tamy Chan · first_building Archery Range |
| 18:08 | Bet0 · first_building Stable |
| 18:45 | 468449885 · wall_segment Stone Wall x12 |
| 18:55 | Returned_Legend · age_up feudal |
| 18:57 | TabrisLi · age_up castle |
| 19:02 | 468449885 · age_up castle |
| 19:03 | Tamy Chan · age_up castle |
| 19:09 | 468449885 · wall_segment Stone Wall x15 |
| 19:34 | TabrisLi · wall_segment Palisade Wall x1 |
| 20:10 | Fia Sare · first_building Archery Range |
| 20:34 | Returned_Legend · first_market_buy 100 food |
| 20:36 | [CL]Jigsaw · age_up castle |
| 20:38 | [CL]Jigsaw · first_building Monastery |
| 21:05 | Fia Sare · age_up castle |
| 21:17 | 468449885 · first_building Monastery |
| 21:37 | 1688allen · age_up castle |
| 21:41 | TabrisLi · first_building Barracks |
| 22:02 | Returned_Legend · wall_segment Palisade Wall x4 |
| 23:35 | Returned_Legend · age_up castle |
| 23:37 | TabrisLi · first_building Stable |
| 23:57 | TabrisLi · wall_segment Palisade Wall x3 |
| 24:03 | Fia Sare · first_market_buy 100 wood |
| 24:06 | Returned_Legend · first_building Monastery |
| 24:21 | TabrisLi · first_building Siege Workshop |
| 25:19 | [CL]Jigsaw · first_building Castle |
| 25:26 | Tamy Chan · first_building Siege Workshop |
| 26:06 | TabrisLi · wall_segment Palisade Wall x1 |
| 26:10 | Returned_Legend · first_building Siege Workshop |
| 26:56 | TabrisLi · first_market_sell 100 wood |
| 27:29 | 1688allen · first_market_buy 100 stone |
| 27:32 | 468449885 · first_building Castle |
| 27:36 | Fia Sare · first_market_sell 100 food |
| 28:11 | [CL]Jigsaw · first_building Siege Workshop |
| 28:26 | TabrisLi · wall_segment Palisade Wall x5 |
| 28:26 | 1688allen · first_building Archery Range |
| 29:04 | Tamy Chan · first_building Castle |
| 30:02 | TabrisLi · wall_segment Palisade Wall x4 |
| 30:26 | Bet0 · first_building Castle |
| 32:01 | 1688allen · first_building Castle |
| 32:45 | Tamy Chan · resign |
| 33:18 | Returned_Legend · first_building Castle |
| 33:20 | Bet0 · first_market_sell 500 food |
| 33:22 | Fia Sare · first_building Castle |
| 33:39 | 468449885 · first_building Barracks |
| 34:37 | Returned_Legend · wall_segment Stone Wall x8 |
| 35:13 | TabrisLi · first_building Monastery |
| 35:40 | 468449885 · age_up imperial |
| 36:34 | [CL]Jigsaw · age_up imperial |
| 36:41 | TabrisLi · wall_segment Palisade Wall x4 |
| 40:27 | TabrisLi · age_up imperial |
| 40:29 | Returned_Legend · first_building Archery Range |
| 42:11 | Returned_Legend · age_up imperial |
| 42:30 | 468449885 · tribute_sent a jugador 1 |
| 42:30 | 468449885 · tribute_sent a jugador 2 |
| 42:30 | 468449885 · tribute_sent a jugador 3 |
| 42:30 | 468449885 · tribute_sent a jugador 4 |
| 42:30 | 468449885 · tribute_sent a jugador 5 |
| 42:30 | 468449885 · tribute_sent a jugador 6 |
| 42:30 | 468449885 · tribute_sent a jugador 8 |
[ AI ANALYSIS · 1 CREDIT ]
What really happened in this match?
Wolo.gg analyzes every decision: build order, eco, micro, common mistakes by bracket. Personalized analysis on WhatsApp or Discord in 30 seconds.
Civ guide
Tatars
Perfil
Fia Sare